cohdb
Replays
Latest Replays
All Replays
Popular Replays
Top Player Replays
Match Explorer
How It Works
Community
CoH3 Stats
Reddit
Sign in to upload your games and track your stats! →
Sign in with Steam
Match 44388486
Unlisted
Match 44388486
Overview
Messages
Build Orders
End
Panzergrenadier Squad
Panzergrenadier Squad
Construct Light Support Kompanie
Selects Italian Infantry
Selects Defensive Operations
2.5-tonne Medical Truck
Fire Support Elements
Pak 38 Mechanized Group
Combat Half-tracks
Selects Prepared Positions
Construct Panzerarmee Kommand
Veteran Squad Leaders
Walking Stuka Rocket Launcher
Pak 38 Mechanized Group
2.5-tonne Medical Truck
Selects Obice 305mm Barrage
Selects Guastatori Squad
Walking Stuka Rocket Launcher
Selects Registered Artillery
Registered Artillery
Selects Towed Cannone da 105/28 Field Howitzer
Towed Cannone da 105/28 Field Howitzer
Obice 305mm Barrage
2.5-tonne Medical Truck
MuniekPL
MrAdam
Husar
Obodo Uriri Lucky Manuwa
H404.CatfishLover
AHNSHI
0
0
Comments
sign in to comment!
No comments posted yet!